 Dungeon Crawl Stone Soup version 0.28.0-53-g5a82cb258f (webtiles) character file.

Game seed: 6897891050662417193

1201 Peloso the Carver (level 8, -4/70 HPs)
             Began as a Minotaur Fighter on May 31, 2022.
             Was a Follower of Okawaru.
             Slain by an orc warrior
             ... wielding a +0 short sword
              (12 damage)
             ... on level 7 of the Dungeon.
             The game lasted 00:07:52 (5466 turns).

Peloso the Carver (Minotaur Fighter)                Turns: 5466, Time: 00:07:52

Health: -4/70      AC: 11    Str: 21    XL:     8   Next: 21%
Magic:  7/7        EV:  8    Int:  5    God:    Okawaru [*.....]
Gold:   201        SH:  5    Dex: 12    Spells: 7/7 levels left

rFire   . . .      SeeInvis .   a - +1 long sword
rCold   . . .      Faith    .   c - +0 buckler
rNeg    . . .      Spirit   .   n - +1 chain mail
rPois   .          Reflect  .   (helmet restricted)
rElec   .          Harm     .   (no cloak)
rCorr   .          Rampage  .   (no gloves)
Will    .....                   (no boots)
Stlth   ..........              (no amulet)
HPRegen 0.21/turn               g - ring of flight
MPRegen 0.10/turn               (no ring)

@: mighty, flying
A: horns 2, retaliatory headbutt
a: Renounce Religion, Heroism


You were on level 7 of the Dungeon.
You worshipped Okawaru.
Okawaru was aware of your devotion.
You visited 2 branches of the dungeon, and saw 7 of its levels.

You collected 201 gold pieces.

Inventory:

Hand Weapons
 a - a +1 long sword (weapon)
Armour
 b - a +0 scale mail
 c - a +0 buckler (worn)
 n - a +1 chain mail (worn)
Jewellery
 g - a ring of flight (left hand)
 h - a +6 ring of intelligence
Wands
 l - a wand of polymorph (2)
 s - a wand of acid (9)
 v - a wand of iceblast (13)
Scrolls
 e - 4 scrolls of identify
Potions
 k - a potion of heal wounds {unknown}
 q - a potion of ambrosia {unknown}
 r - a potion of attraction {unknown}
 u - a potion of resistance {unknown}


   Skills:
 + Level 6.0 Fighting
 + Level 8.1 Long Blades
 + Level 7.0 Armour
 + Level 1.9 Dodging
 + Level 0.4 Stealth
 + Level 4.9 Shields
 + Level 0.3 Unarmed Combat


You had 7 spell levels left.
You didn't know any spells.
Your spell library contained the following spells:

 Spells                   Type           Power      Damage    Failure   Level
 Inner Flame              Hex/Fire       0%         N/A       100%        3
 Cause Fear               Hex            0%         N/A       100%        4
 Discord                  Hex            0%         N/A       100%        8


Dungeon Overview and Level Annotations

Branches:
Dungeon (5/15)             Temple (1/1) D:4

Altars:
Elyvilon
Fedhas
Gozag
Hepliaklqana
Kikubaaqudgha
Okawaru
Ru
Trog
Zin


Innate Abilities, Weirdness & Mutations

You have a pair of horns on your head.
You reflexively headbutt those who attack you in melee.


Message History

Found 29 stones.
A scorpion comes into view.
An orc priest comes into view. It is wielding a +0 mace.
The orc priest shouts!
The orc wizard casts a spell.
The orc wizard flickers and vanishes!
The orc warrior throws a boomerang.
You block the boomerang.
A magic dart appears from out of thin air!
The magic dart hits something.
Unknown command.
You hit the orc warrior but do no damage.
Something hits you.
The orc warrior hits you with a +0 short sword.
You hit the orc warrior but do no damage.
You hear some strange, mumbled words.
You are confused.
The orc warrior hits you with a +0 short sword!
* * * LOW HITPOINT WARNING * * *
You hit the orc warrior but do no damage.
You headbutt the orc warrior, but do no damage.
You feel your willpower return. Something hits you but does no damage.
The orc warrior hits you with a +0 short sword.
* * * LOW HITPOINT WARNING * * *
You bump into the rock wall.
Something hits you but does no damage.
The orc warrior hits you but does no damage.
You closely miss the orc warrior. Something hits you.
* * * LOW HITPOINT WARNING * * *
The orc warrior hits you with a +0 short sword.
* * * LOW HITPOINT WARNING * * *
Unknown command.
You are too confused!
You feel better. Something hits you but does no damage.
The orc warrior hits you with a +0 short sword.
* * * LOW HITPOINT WARNING * * *
You feel very mighty all of a sudden.
You hear some strange, mumbled words.
Something tries to affect you, but you resist.
The orc warrior hits you with a +0 short sword!
You die...

.........# ####....# #
##.###
..s##.########..####.(
......................
(.o##o.....o###..###..
#######.# #.# #####o#
.# #...@.# .# #.#####
.#


You could see an orc warrior and an orc.

Vanquished Creatures
  Grinder (D:4)
  Sigmund (D:3)
  A water moccasin (D:5)
  An ice beast (D:7)
  A centaur (D:5)
  A scorpion (D:3)
  2 bullfrogs
  A water moccasin zombie (D:5)
  A wight (D:7)
  An orc priest (D:4)
  An iguana (D:4)
  An orc wizard (D:4)
  A howler monkey zombie (D:7)
  Robin (D:2)
  5 gnolls
  4 adders (D:2)
  3 worms
  A dart slug (D:3)
  14 orcs
  8 ball pythons
  8 endoplasms
  3 giant cockroaches (D:1)
  12 goblins
  13 hobgoblins
  4 kobolds
  4 bats
  6 frilled lizards
  7 rats
107 creatures vanquished.

Notes
Turn   | Place    | Note
-------+----------+-------------------------------------------
     0 | D:1      | Peloso the Minotaur Fighter began the quest for the Orb.
     0 | D:1      | Reached XP level 1. HP: 19/19 MP: 0/0
   203 | D:1      | Reached XP level 2. HP: 26/27 MP: 1/1
   759 | D:2      | Reached skill level 3 in Long Blades
   762 | D:2      | Reached XP level 3. HP: 25/33 MP: 2/2
   765 | D:2      | Noticed Robin
   772 | D:2      | HP: 1/33 [worm (8)]
  1140 | D:2      | Reached XP level 4. HP: 32/40 MP: 3/3
  1358 | D:2      | Found an iron altar of Okawaru.
  1402 | D:2      | Found a faded altar of an unknown god.
  1720 | D:2      | Killed Robin
  1721 | D:2      | Reached skill level 4 in Long Blades
  2163 | D:3      | Noticed a bullfrog
  2166 | D:3      | Killed a bullfrog
  2167 | D:3      | Reached XP level 5. HP: 45/47 MP: 4/4
  2195 | D:3      | Reached skill level 5 in Long Blades
  2195 | D:3      | Reached skill level 5 in Armour
  2195 | D:3      | Reached skill level 1 in Dodging
  2782 | D:3      | Reached XP level 6. HP: 53/53 MP: 5/5
  2855 | D:3      | Noticed Sigmund
  2875 | D:3      | Killed Sigmund
  2876 | D:3      | Reached skill level 6 in Long Blades
  3589 | D:4      | Reached skill level 5 in Fighting
  3926 | D:4      | Reached XP level 7. HP: 34/61 MP: 6/6
  4504 | D:4      | Found a staircase to the Ecumenical Temple.
  4513 | Temple   | Entered the Ecumenical Temple
  4591 | Temple   | Became a worshipper of Warmaster Okawaru
  4808 | D:5      | Entered Level 5 of the Dungeon
  4809 | D:5      | Noticed Grinder
  4820 | D:4      | Paralysed by Grinder for 4 turns
  4831 | D:4      | Killed Grinder
  4832 | D:4      | Reached skill level 7 in Long Blades
  5241 | D:5      | Reached * piety under Okawaru
  5244 | D:5      | Reached XP level 8. HP: 57/70 MP: 7/7
  5384 | D:5      | You are sucked into a shaft and drop 2 floors!
  5405 | D:7      | Reached skill level 8 in Long Blades
  5466 | D:7      | Slain by an orc warrior

Illustrated notes

Levels and vault maps discovered:
D:1:      amcnicky_arrival_flooded_fountain, layout_basic,
          ebering_dispersal_statue_hall, minmay_ruptured
D:2:      minmay_razor_zed, layout_loops_ring, basic_altar,
          hellmonk_ecumenical_altar_blasted, uniq_robin
D:3:      layout_basic, wander_ebering_terrifying_dragon_lair, uniq_sigmund
D:4:      layout_loops_ring, lemuel_temple_firewalk_b, corexii_hall_statues_l
D:5:      layout_basic, uniq_grinder
D:7:      layout_basic, serial_corexii_hall, chequers_hall_statues_corner_a,
          corexii_hall_statues_l, lightli_ossuary_entry_decrepit_ruins,
          uniq_menkaure
Temple:   dpeg_five_rooms_temple

Skill      XL: |  1  2  3  4  5  6  7  8 |
---------------+-------------------------+-----
Fighting       | 4 5 6 |  6.0
Armour         | 4 5 6 7 |  7.0
Long Blades    | 3 4 5 6 7 8 |  8.1
Shields        | 4 |  4.9
Dodging        | 1 |  1.9
Stealth        | |  0.4
Unarmed Combat | |  0.3

Action                   |  1- 3 |  4- 6 |  7- 9 || total
-------------------------+-------+-------+-------++-------
Melee: Long sword        |    66 |   130 |    81 ||   277
       Headbutt          |    14 |    18 |    23 ||    55
       Unarmed           |       |     7 |       ||     7
  Use: Potion            |     2 |       |     2 ||     4
       Scroll            |     1 |       |     6 ||     7
Armor: Scale mail        |    29 |    27 |       ||    56
       Chain mail        |       |    19 |    51 ||    70
Dodge: Dodged            |    24 |    27 |    33 ||    84
Block: Buckler           |     7 |    27 |    21 ||    55
